 Dungeon Crawl Stone Soup version 0.23.2-32-g37ab1d4649 (webtiles) character file.

Game seed: 3938935673196212822

843 FABLE the Twirler (level 7, -10/61 HPs)
             Began as a White Draconian Berserker on June 25, 2019.
             Was an Elder of Trog.
             Mangled by a two-headed ogre
             ... wielding a +0 giant club
              (15 damage)
             ... on level 6 of the Dungeon.
             The game lasted 00:26:39 (3498 turns).

FABLE the Twirler (White Draconian Berserker)       Turns: 3498, Time: 00:26:43

Health: -10/61     AC:  6    Str: 22    XL:     7   Next: 68%
Magic:  7/7        EV: 13    Int:  7    God:    Trog [****..]
Gold:   258        SH:  0    Dex: 10    Spells: 6/6 levels left

rFire    . . .     SeeInvis .   b - +4 quarterstaff (chaos)
rCold    + + .     Gourm    .   (shield currently unavailable)
rNeg     . . .     Faith    .   (armour unavailable)
rPois    .         Spirit   .   (helmet restricted)
rElec    .         Reflect  .   (no cloak)
rCorr    .         Harm     +   (no gloves)
MR       .....                  (no boots)
Stlth    ++........             y - amulet of harm
HPRegen  0.20/turn              A - ring of protection from cold
MPRegen  0.10/turn              (no ring)

@: lethally poisoned (-10 -> -12)
A: breathe frost, unfitting armour, cold resistance 1, cold-blooded, AC +6
a: Breathe Frost, Berserk, Trog's Hand, Brothers in Arms, Renounce Religion


You were on level 6 of the Dungeon.
You worshipped Trog.
Trog was greatly pleased with you.
You were not hungry.

You visited 1 branch of the dungeon, and saw 6 of its levels.

You collected 258 gold pieces.

Inventory:

Hand Weapons
 a - a +0 spear
 b - a +4 quarterstaff of chaos (weapon)
 c - a +0 hand axe
 f - a +0 spear
 j - a +0 club
 k - a +0 mace
 l - a +0 short sword
 n - a +0 mace
 p - a -3 flail
 r - a +0 quarterstaff
Missiles
 e - 30 sling bullets
 m - 15 poisoned needles
 u - 86 stones (quivered)
Armour
 h - a +1 ring mail of magic resistance
Magical Staves
 w - an uncursed staff of summoning
Jewellery
 g - a -2 ring of dexterity
 y - an amulet of harm (around neck)
 A - a ring of protection from cold (left hand)
Wands
 s - a wand of flame (8)
Scrolls
 q - 3 scrolls of remove curse
 x - a scroll of magic mapping
Potions
 d - 2 potions of heal wounds
 o - 2 potions of flight
 v - 2 potions of curing
Comestibles
 t - 4 rations
 z - 5 chunks of flesh


   Skills:
 + Level 5.1 Fighting
 + Level 4.6(5.7) Polearms
 + Level 5.1(6.0) Staves
 + Level 0.2 Throwing
 + Level 4.5 Dodging
 + Level 1.5 Stealth
 + Level 0.3 Evocations


You had 6 spell levels left.
You didn't know any spells.
Your spell library was empty.

Dungeon Overview and Level Annotations

Branches:
Dungeon (6/15)             Temple (0/1) D:5

Altars:


Innate Abilities, Weirdness & Mutations

You can breathe waves of freezing cold.
You can buffet flying creatures when you breathe cold.
Your icy white scales are hard. (AC +6)
You cannot fit into any form of body armour.
Your flesh is cold resistant. (rC+)
You are cold-blooded and may be slowed by cold attacks.


Message History

Press: ? - help, Shift-Dir - straight line, f/p - two-headed ogre
Aim: a two-headed ogre, wielding two +0 giant clubs The puff of flame hits the two-headed ogre.
The two-headed ogre is lightly wounded.
You feel sick.
The two-headed ogre closely misses you. x2
You see here an adder corpse.
You feel sick. The two-headed ogre barely misses you.
The two-headed ogre misses you.
You hit the two-headed ogre. You burn the two-headed ogre.
You tail-slap the two-headed ogre.
The two-headed ogre is moderately wounded.
The two-headed ogre barely misses you. The two-headed ogre closely misses you.
You sock the two-headed ogre! You freeze the two-headed ogre!
The two-headed ogre is severely wounded.
The two-headed ogre hits you with a +0 giant club!!
Ouch! That really hurt!
* * * LOW HITPOINT WARNING * * *
The two-headed ogre hits you with a +0 giant club!
You die...

.###.. ....... #.##.# ...#
#.(#....!# ...##..#.### #..
#.......##...........## #..
..#<.#....##.#.###.#..... ..#
#............#.###.####.. #.#
##..##..####.......#.....
##.####.......###.......#.....
#.......#####O.##.............
##(.###...###@..#.............
##†.##..#.....................
##.......#######.#.##.#........
#.#..#.....# #.#.##..........
#.........# #...#####.......
#.###.....# ##..## ##...... #.
#...<.# #.... ##..##. # .
#.....# #.#.#. #...## ..#.....#
#.#.#.# #.#.#


You could see a two-headed ogre.

Vanquished Creatures
  2 sky beasts
  A phantom (D:6)
  A bullfrog (D:6)
  2 scorpions (D:5)
  Crazy Yiuf (D:3)
  An orc wizard (D:6)
  Ijyb (D:3)
  Terence (D:2)
  3 worker ants
  2 hound zombies
  Robin (D:3)
  4 adders
  2 shadow imps (D:6)
  An ooze (D:3)
  3 dart slugs
  6 leopard geckos
  7 orcs
  11 bats
  6 giant cockroaches
  12 goblins
  8 hobgoblins
  15 jackals
  A quokka (D:3)
  A ball python (D:5)
  2 frilled lizards
  A giant cockroach zombie (D:6)
  A jackal skeleton (D:5)
  9 kobolds
  A leopard gecko skeleton (D:6)
  15 rats
  A fungus (D:3)
123 creatures vanquished.

Notes
Turn   | Place    | Note
-------+----------+-------------------------------------------
     0 | D:1      | FABLE the Draconian Berserker began the quest for the Orb.
     0 | D:1      | Reached XP level 1. HP: 19/19 MP: 1/1
   136 | D:1      | Reached XP level 2. HP: 26/26 MP: 2/2
   474 | D:1      | Reached XP level 3. HP: 21/31 MP: 3/3
   512 | D:1      | Reached ** piety under Trog
  1182 | D:2      | Reached XP level 4. HP: 31/40 MP: 4/4
  1353 | D:2      | Noticed Terence
  1364 | D:2      | Killed Terence
  1615 | D:3      | Found a runed translucent door.
  1616 | D:3      | Noticed Crazy Yiuf
  1636 | D:3      | Killed Crazy Yiuf
  1636 | D:3      | Reached XP level 5. HP: 20/46 MP: 5/5
  1730 | D:3      | Reached *** piety under Trog
  1740 | D:3      | Noticed Robin
  1746 | D:3      | Killed Robin
  1746 | D:3      | Reached skill level 1 in Stealth
  2067 | D:3      | Noticed Ijyb
  2072 | D:3      | Killed Ijyb
  2072 | D:3      | Reached skill level 1 in Staves
  2106 | D:3      | Noticed a sky beast
  2115 | D:3      | Killed a sky beast
  2115 | D:3      | Reached XP level 6. HP: 36/53 MP: 6/6
  2496 | D:5      | Entered Level 5 of the Dungeon
  2572 | D:5      | Noticed a two-headed ogre
  2588 | D:5      | Found a staircase to the Ecumenical Temple.
  3197 | D:5      | You fall through a shaft!
  3200 | D:6      | Noticed a sky beast
  3210 | D:6      | Killed a sky beast
  3210 | D:6      | Your scales start taking on an icy white colour.
  3210 | D:6      | Reached XP level 7. HP: 34/60 MP: 7/7
  3210 | D:6      | Gained mutation: Your flesh is cold resistant. (rC+) [White
                  | Draconian growth]
  3296 | D:6      | Reached skill level 5 in Fighting
  3305 | D:6      | Reached **** piety under Trog
  3305 | D:6      | Reached skill level 5 in Staves
  3474 | D:6      | Noticed a two-headed ogre
  3498 | D:6      | Mangled by a two-headed ogre

Skill      XL: |  1  2  3  4  5  6  7 |
---------------+----------------------+-----
Dodging        | 3 4 |  4.5
Polearms       | 4 |  4.6
Fighting       | 4 5 |  5.1
Stealth        | 1 |  1.5
Staves         | 2 4 5 |  5.1
Throwing       | |  0.2
Evocations     | |  0.3

Action                   |  1- 3 |  4- 6 |  7- 9 || total
-------------------------+-------+-------+-------++-------
Melee: Spear             |   172 |    87 |       ||   259
       Tailslap          |    18 |    21 |     6 ||    45
       Quarterstaff      |       |   110 |    39 ||   149
Throw: Stone             |       |     3 |     7 ||    10
Invok: Trog's Hand       |       |     3 |       ||     3
 Abil: Breathe Frost     |       |       |     1 ||     1
Evoke: Wand              |       |     2 |     3 ||     5
  Use: Scroll            |     2 |     5 |     1 ||     8
       Potion            |     1 |     5 |     1 ||     7
 Stab: Sleeping          |     3 |     1 |       ||     4
       Paralysed         |       |       |     1 ||     1
  Eat: Chunk             |       |     4 |       ||     4
       Ration            |       |     2 |       ||     2
Armor: Skin              |    55 |    37 |     8 ||   100
Dodge: Dodged            |   115 |    94 |    19 ||   228
